 Seeded DCSS version 0.29.1-12-g30fa7ad0bf (webtiles) character file.

Game seed: 20221215 (custom seed)

151 kingsuperguy the Cudgeller (level 5, 0/60 (72) HPs)
             Began as a Minotaur Berserker on Dec 15, 2022.
             Was a Believer of Trog.
             Slain by a wight
             ... wielding a +0 short sword
              (2 damage)
             ... on level 5 of the Dungeon.
             The game lasted 00:04:33 (3185 turns).

kingsuperguy the Cudgeller (Minotaur Berserker)     Turns: 3185, Time: 00:04:34

HP:   0/60 (72)     AC: 10    Str: 24    XL:     5   Next: 10%
MP:   4/4           EV:  8    Int:  4    God:    Trog [**....]
Gold: 172           SH:  0    Dex:  9    Spells: 4/4 levels left

rFire   . . .      SeeInvis .   a - +0 mace
rCold   . . .      Faith    .   (no shield)
rNeg    . . .      Spirit   .   p - +0 chain mail
rPois   .          Reflect  .   (helmet restricted)
rElec   .          Harm     .   (no cloak)
rCorr   .          Rampage  .   q - +0 pair of gloves
Will    .....                   (no boots)
Stlth   ..........              (no amulet)
HPRegen 0.20/turn               (no ring)
MPRegen 0.09/turn               (no ring)

@: berserking, heavily drained, very quick
A: horns 2, retaliatory headbutt
a: Renounce Religion, Berserk, Trog's Hand


You were on level 5 of the Dungeon.
You worshipped Trog.
Trog was pleased with you.
You visited 1 branch of the dungeon, and saw 5 of its levels.

You collected 172 gold pieces.

Inventory:

Hand Weapons
 a - a +0 mace (weapon)
 h - a +2 long sword of electrocution
Armour
 b - a +0 animal skin
 c - a +0 leather armour
 p - a +0 chain mail (worn)
 q - a +0 pair of gloves (worn)
Jewellery
 n - a +4 ring of evasion
Scrolls
 d - a scroll of identify {unknown}
 f - 2 scrolls of vulnerability {unknown}
 i - a scroll of blinking {unknown}
Potions
 e - a potion of mutation {unknown}
 g - a potion of attraction {unknown}
 j - 2 potions of berserk rage {unknown}
 k - a potion of curing {unknown}
 l - 2 potions of degeneration {unknown}
 m - 2 potions of haste {unknown}
 o - a potion of invisibility {unknown}


   Skills:
 + Level 5.0 Fighting
 + Level 5.3 Maces & Flails
 + Level 3.0 Armour
 + Level 2.8 Dodging
 + Level 0.5 Stealth


You had 4 spell levels left.
You didn't know any spells.
Your spell library was empty.

Dungeon Overview and Level Annotations

Branches:
Dungeon (5/15)
 Temple: D:4-7

Altars:

Shops:
D:2 [

Annotations:
D:4 1 transporter


Innate Abilities, Weirdness & Mutations

You have a pair of horns on your head.
You reflexively headbutt those who attack you in melee.


Message History

You hit the wight.
The wight is moderately damaged.
The wight hits you with a +5 trident!
You closely miss the wight.
The wight is moderately damaged.
The adder bites you. The wight hits you with a +5 trident!
* * * LOW HITPOINT WARNING * * *
The adder bites you but does no damage.
A red film seems to cover your vision as you go berserk!
You feel yourself moving faster!
You feel mighty! The adder barely misses you. You furiously retaliate!
You headbutt the adder!
You kill the adder!
Trog accepts your kill. The wight hits you with a +5 trident.
* * * LOW HITPOINT WARNING * * *
You feel drained. The wight barely misses you. You furiously retaliate!
You headbutt the wight! The wight hits you but does no damage.
Your Fighting skill increases to level 5!
Your Armour skill increases to level 3!
You closely miss the wight.
The wight is moderately damaged.
The wight barely misses you. You furiously retaliate!
You headbutt the wight. The wight hits you but does no damage.
The wight barely misses you. You furiously retaliate!
You headbutt the wight! You barely miss the wight.
The wight is heavily damaged.
You hit the wight.
The wight is almost destroyed.
The wight hits you with a +5 trident.
* * * LOW HITPOINT WARNING * * *
You feel drained.
* * * LOW HITPOINT WARNING * * *
The wight hits you with a +3 flail.
* * * LOW HITPOINT WARNING * * *
You feel drained.
* * * LOW HITPOINT WARNING * * *
The wight hits you with a +0 short sword.
* * * LOW HITPOINT WARNING * * *
You feel drained.
You die...

...#
#...........#..
.#...##........##.#
..#...............#
...........##.#.##
. ...........#
##...
.....#.......# ...
....##..$....#.#
...
.................
...<..z@†.....(..
......zzz........
##...............
.................
....######.######
.... .# ... .# ..


You could see 4 wights.

Vanquished Creatures
  A hound (D:4)
  3 adders
  An ufetubus (D:5)
  2 worms (D:2)
  5 dart slugs
  An orc (D:3)
  6 endoplasms
  4 giant cockroaches
  3 goblins
  9 hobgoblins
  4 jackals
  A quokka (D:1)
  8 ball pythons
  9 bats
  2 frilled lizards (D:1)
  8 kobolds
  A rat (D:1)
68 creatures vanquished.

Vanquished Creatures (others)
  2 plants (D:1)
2 creatures vanquished.

Grand Total: 70 creatures vanquished

Notes
Turn   | Place    | Note
-------+----------+-------------------------------------------
     0 | D:1      | kingsuperguy the Minotaur Berserker began the quest for the
                  | Orb.
     0 | D:1      | Reached XP level 1. HP: 19/19 MP: 0/0
   210 | D:1      | Reached XP level 2. HP: 10/27 MP: 1/1
   600 | D:1      | Reached XP level 3. HP: 24/33 MP: 2/2
   709 | D:1      | Found a faded altar of an unknown god.
   985 | D:1      | Reached ** piety under Trog
  1152 | D:2      | Identified the +0 dagger of Evil {vamp, *Noise Dex+4
                  | Stlth+}
  1250 | D:2      | Found Omorchef's Armour Emporium.
  1604 | D:2      | Reached XP level 4. HP: 40/41 MP: 3/3
  2115 | D:3      | Reached skill level 5 in Maces & Flails
  2598 | D:4      | Found a transporter.
  2726 | D:4      | Noticed an ice beast
  2730 | D:4      | Noticed an ice beast
  3169 | D:5      | Entered Level 5 of the Dungeon
  3178 | D:5      | Reached XP level 5. HP: 47/47 MP: 4/4
  3183 | D:5      | Reached skill level 5 in Fighting
  3185 | D:5      | HP: 2/63 [wight/+0 short sword (5)]
  3185 | D:5      | Slain by a wight

Illustrated notes

Levels and vault maps discovered:
D:1:      tarquinn_simple_flora_water_b, layout_loops_ring,
          basic_ecumenical_altar, serial_bayou_pond_a
D:2:      layout_rooms, serial_shops, nicolae_shop_hallway_stairs
D:3:      layout_loops_ring, minmay_misc_feat_doors
D:4:      gammafunk_cloud_chamber, layout_layer_cave, serial_shops, shop
D:5:      layout_cave_pools, marbit_many_paths, serial_shops, shop,
          kennysheep_little_box, shop, serial_glass, glass_columns_a,
          glass_columns_b, gammafunk_ghost_icy, minmay_misc_feat_tiny,
          grunt_decor_mini_mirrors, nrook_campfire, minmay_pentangle

Skill      XL: |  1  2  3  4  5 |
---------------+----------------+-----
Maces & Flails | 4 5 |  5.3
Fighting       | 4 5 |  5.0
Armour         | 3 |  3.0
Dodging        | |  2.8
Stealth        | |  0.5

Action                   |  1- 3 |  4- 6 || total
-------------------------+-------+-------++-------
Melee: Mace              |    87 |    53 ||   140
       Headbutt          |    12 |     6 ||    18
       Punch             |       |     2 ||     2
Invok: Berserk           |       |     1 ||     1
Armor: Leather armour    |    29 |    19 ||    48
       Chain mail        |       |     4 ||     4
Dodge: Dodged            |    51 |    38 ||    89
